Map: Orbital Shipyard

Players

MyWifeFoHire - Winner!

  • Race: Terran Terran
  • League: Bronze

SticklerMac

  • Race: Terran Terran
  • League: Bronze

VOD

Have the link to the VOD?

Description

Time

  • Played on: July 27, 2015, 11:44 p.m.
  • Length: 11:25
Show
View Real Time Build Order
Export as new Build Order

MyWifeFoHire Terran - Winner!

Build Orders:  

Get SALT Encoding   

  12  0:14  SCV  
  13  0:21  Supply Depot  
  13  0:40  SCV  
  14  0:48  Supply Depot  
  14  0:52  SCV  
  14  0:56  Refinery  
  15  1:04  SCV, Barracks  
  16  1:16  SCV  
  16  1:17  Supply Depot  
  17  1:43  SCV  
  17  1:51  Barracks Reactor  
  17  1:55  SCV, Barracks  
  18  2:07  SCV  
  19  2:19  SCV  
  19  2:20  Supply Depot  
  20  2:27  Marine  
  20  2:28  Marine  
  22  2:43  Supply Depot  
  22  2:44  Barracks  
  22  2:45  Barracks Reactor  
  22  2:48  Marine  
  22  2:50  Marine  
  24  3:06  Marine  
  24  3:08  Supply Depot, Marine  
  26  3:21  Marine x2  
  26  3:26  Marine x2  
  30  3:32  Barracks Reactor  
  30  3:39  Marine x2  
  32  3:44  Marine x2  
  34  3:49  Supply Depot  
  34  3:57  Marine x2  
  34  4:01  Marine  
  34  4:02  Marine  
  38  4:08  Marine x2  
  40  4:12  Supply Depot  
  40  4:15  Marine x2  
  42  4:19  Marine x2  
  44  4:26  Marine x2  
  46  4:32  Marine  
  46  4:33  Marine  
  48  4:45  Marine  
  48  4:46  Marine x3  
  48  4:50  Marine x2  
  54  5:03  Marine  
  54  5:06  Marine  
  54  5:07  Marine  
  32  8:29  Supply Depot  
  32  9:32  Supply Depot  
  31  10:05  Supply Depot  
  31  10:26  SCV, Marine x4  
  36  11:01  SCV  
Show
View Real Time Build Order
Export as new Build Order

SticklerMac Terran 

Build Orders:  

Get SALT Encoding   

  12  0:01  SCV  
  13  0:13  SCV  
  14  0:18  Supply Depot  
  14  0:25  SCV  
  15  0:39  SCV  
  15  0:42  Barracks  
  16  0:47  Refinery  
  16  0:51  SCV  
  17  1:04  SCV  
  18  1:17  SCV  
  18  1:18  Barracks  
  19  1:30  Barracks Tech Lab  
  19  1:35  Barracks  
  19  1:37  Orbital Command  
  19  1:57  Barracks  
  19  2:03  Barracks  
  19  2:13  Stimpack  
  19  2:18  Marine  
  20  2:24  Barracks Reactor  
  20  2:32  Marine  
  22  2:42  Marauder  
  23  2:55  Supply Depot  
  23  2:57  Supply Depot  
  23  3:02  Supply Depot  
  23  3:15  Barracks  
  23  3:16  Marine x5  
  28  3:25  SCV  
  29  3:27  Marine  
  30  3:34  Marine x2  
  30  3:37  SCV  
  30  3:39  Marine x2  
  30  3:40  Marine  
  36  3:45  Marine  
  37  3:52  Marine  
  38  3:57  Marine x3  
  38  3:58  Marine  
  42  4:03  Marine  
  42  4:04  Marine  
  42  4:09  Marine  
  44  4:12  Barracks  
  45  4:20  Marine  
  45  4:21  Marine  
  45  4:22  Barracks  
  46  4:34  Supply Depot, Marauder  
  40  4:46  Marine  
  40  4:47  Marine x2  
  30  5:28  Orbital Command  
  20  6:55  SCV  
  3  7:06  Marine  
  3  7:15  SCV  
  4  7:30  SCV  
  5  7:52  Command Center  
  5  7:54  SCV  
  3  9:07  SCV  
  4  9:19  SCV  
  5  9:31  Orbital Command  
  5  9:50  Marine  
    10:33  Orbital Command  
Tags
 
Add a new tag
Caveats
  • Supply blocks, unpowered buildings, or Contaminate may cause inaccurate times.
  • Supply counts are checked every 10 seconds.